 Dungeon Crawl Stone Soup version 0.16.0-18-g484a79e (webtiles) character file.

4300 inmateoo the Arsonist (level 10, -6/63 HPs)
             Began as a Human Fire Elementalist on Mar 22, 2015.
             Was a Priest of Cheibriados.
             Mangled by Grum
             ... wielding a +1 halberd
              (23 damage)
             ... on level 8 of the Dungeon on Mar 23, 2015.
             The game lasted 00:18:03 (9086 turns).

inmateoo the Arsonist (Human Fire Elementalist)     Turns: 9086, Time: 00:18:03

Health: -6/63      AC:  6    Str: 17    XL:     10   Next: 58%
Magic:  0/22       EV: 19    Int: 26    God:    Cheibriados [***...]
Gold:   437        SH:  0    Dex: 22    Spells: 4 memorised, 9 levels left

rFire  x . .     SeeInvis +     e - +3 dagger (protect)
rCold  . . .     Clarity  .     a - +0 robe
rNeg   . . .     SustAb   .     (no shield)
rPois  +         Gourm    .     t - -2 helmet of Shadows and Fog {rPois rF- SInv} (curse)
rElec  .         Spirit   .     (no cloak)
rCorr  .         Warding  .     (no gloves)
rMut   .         Stasis   .     (no boots)
MR     .....                    (no amulet)
Stlth  ++++......               p - ring of poison resistance
                                h - +2 ring of evasion

@: very slow, not resistant to hostile enchantments, stealthy
A: no striking features
a: Bend Time, Temporal Distortion, Renounce Religion


You were on level 8 of the Dungeon.
You worshipped Cheibriados.
Cheibriados was most pleased with you.
You were not hungry.

You visited 1 branch of the dungeon, and saw 8 of its levels.

You collected 437 gold pieces.

Inventory:

Hand weapons
 e - a +3 dagger of protection (weapon)
Armour
 a - a +0 robe (worn)
 g - a +1 helmet
 t - the cursed -2 helmet of Shadows and Fog (worn) {rPois rF- SInv}
   (You found it on level 4 of the Dungeon)

   It makes you vulnerable to fire.
   It protects you from poison.
   It enhances your eyesight.
   It has a curse placed upon it.
Jewellery
 d - a +1 ring of slaying
 h - a +2 ring of evasion (left hand)
 p - a ring of poison resistance (right hand)
Magical devices
 o - a wand of digging (15)
 s - a wand of fire (4)
Scrolls
 f - a scroll of blinking
 j - a scroll of remove curse
 k - 3 scrolls of identify
 m - a scroll of amnesia
 q - a scroll of fear
 r - a scroll of enchant armour
 u - a scroll of teleportation
Potions
 i - 5 potions of curing
Books
 b - a book of Flames

   Spells                             Type                      Level
   a - Flame Tongue                   Conjuration/Fire             1
   b - Throw Flame                    Conjuration/Fire             2
   c - Conjure Flame                  Conjuration/Fire             3
   d - Inner Flame                    Hexes/Fire                   3
   e - Sticky Flame                   Conjuration/Fire             4
   f - Fireball                       Conjuration/Fire             5
 w - a Necronomicon {highlevel, unknown}

   This book is beyond your current level of understanding.

   Spells                             Type                      Level
   a - Haunt                          Necromancy/Summoning         7
   b - Borgnjor's Revivification      Necromancy                   8
   c - Death's Door                   Charms/Necromancy            8
   d - Necromutation                  Transmutation/Necromancy     8
Comestibles
 c - 10 bread rations
 l - 6 beef jerkies
 n - 3 meat rations


   Skills:
 + Level 5.9 Dodging
 + Level 6.9 Stealth
 + Level 2.2 Unarmed Combat
 + Level 5.3 Spellcasting
 + Level 6.1 Conjurations
 * Level 9.1 Fire Magic


You had 9 spell levels left.
You knew the following spells:

 Your Spells              Type           Power        Failure   Level  Hunger
a - Flame Tongue          Conj/Fire      #####        1%          1    None
b - Throw Flame           Conj/Fire      #####.       1%          2    None
c - Conjure Flame         Conj/Fire      #####...     1%          3    #......
d - Sticky Flame          Conj/Fire      #####...     3%          4    ###....


Dungeon Overview and Level Annotations

Branches:
Dungeon (8/15)             Temple (0/1) D:6
   Lair: D:8-11

Altars:
Cheibriados
Dithmenos
Fedhas
Kikubaaqudgha
Okawaru
Sif Muna
Zin

Annotations:
D:8 Grum


Message History

Aim: Grum, wielding an enchanted halberd and wearing an animal skin (heavily wounded, covered in liquid flames)
The flame tongue hits Grum.
Grum is heavily wounded.
Grum burns!
Grum stops burning.
The wolf bites you. Grum closely misses you.
Casting: Flame Tongue
Confirm with . or Enter, or press ? or * to list all spells.
You don't have enough magic to cast that spell.
Drink which item? (? for menu, Esc to quit)
Okay, then.
Read which item? (? for menu, Esc to quit)
Okay, then.
You hit Grum.
Grum is severely wounded.
The wolf bites you! The wolf misses you. Grum completely misses you.
You barely miss Grum.
Grum is severely wounded.
The wolf misses you. The wolf bites you.
* * * LOW HITPOINT WARNING * * *
Grum hits you with an enchanted halberd!!
You die...

## #. .. ##.###
.... .ยง#
######g####
#....@h...#
#.........# #
#.........# #.
#.........# #..
#.........#
#..####.........#
#.....#.........#
#>...)..........
#.##.####.#####


You could see Grum and a wolf.

Vanquished Creatures
  Pikel (D:6)
  Grinder (D:5)
  Prince Ribbit (D:6)
  Eustachio (D:5)
  2 wolves (D:8)
  2 ice beasts
  An orc warrior (D:6)
  A sky beast (D:7)
  6 ogres
  3 centaurs
  A crocodile (D:8)
  A big kobold (D:7)
  3 giant frogs (D:6)
  A wyvern zombie (D:8)
  A gnoll sergeant (D:6)
  3 scorpions
  8 wights
  3 crimson imps
  A quasit (D:7)
  2 goliath beetles (D:6)
  A hound (D:7)
  A giant frog zombie (D:6)
  2 orc priests
  A gnoll shaman (D:5)
  An iguana (D:5)
  2 orc wizards
  7 worker ants
  Ijyb (D:3)
  Jessica (D:3)
  A worker ant zombie (D:5)
  11 adders
  11 gnolls
  A giant mite (D:5)
  A shadow imp (D:6)
  2 worms
  An adder skeleton (D:5)
  7 giant geckos
  2 oozes
  24 orcs
  9 bats
  A bat skeleton (D:7)
  A bat zombie (D:7)
  4 giant cockroaches
  7 hobgoblins
  12 jackals
  17 kobolds
  3 quokkas
  7 giant newts
  12 goblins
  6 rats
  2 rat zombies (D:7)
202 creatures vanquished.

Vanquished Creatures (others)
  4 orcs (D:6)
  A quokka skeleton (D:6)
5 creatures vanquished.

Grand Total: 207 creatures vanquished

Notes
Turn   | Place    | Note
--------------------------------------------------------------
     0 | D:1      | inmateoo, the Human Fire Elementalist, began the quest for the Orb.
     0 | D:1      | Reached XP level 1. HP: 13/13 MP: 3/3
   195 | D:1      | Reached XP level 2. HP: 19/19 MP: 2/4
   611 | D:1      | Reached XP level 3. HP: 15/24 MP: 0/6
  1360 | D:2      | Found a shadowy altar of Dithmenos.
  1368 | D:2      | Reached XP level 4. HP: 28/30 MP: 4/7
  2019 | D:3      | Noticed Jessica
  2025 | D:3      | Killed Jessica
  2025 | D:3      | Reached skill level 4 in Fire Magic
  2197 | D:3      | Reached XP level 5. HP: 26/35 MP: 5/9
  2218 | D:3      | Found a deep blue altar of Sif Muna.
  2333 | D:3      | Noticed Ijyb
  2357 | D:3      | Killed Ijyb
  2592 | D:4      | Noticed an ogre
  2598 | D:4      | Learned a level 2 spell: Throw Flame
  2602 | D:4      | Learned a level 3 spell: Conjure Flame
  2618 | D:4      | Killed an ogre
  2618 | D:4      | Reached XP level 6. HP: 41/41 MP: 0/11
  2958 | D:4      | Reached skill level 5 in Fire Magic
  3197 | D:4      | Found an iron altar of Okawaru.
  3261 | D:4      | Reached XP level 7. HP: 46/46 MP: 0/12
  3492 | D:4      | Learned a level 4 spell: Sticky Flame
  3636 | D:4      | Got a crude helmet
  3719 | D:4      | Identified the cursed -2 helmet of Shadows and Fog {rPois rF- SInv} (You found it on level 4 of the Dungeon)
  3885 | D:5      | Entered Level 5 of the Dungeon
  4094 | D:5      | Noticed Grinder
  4096 | D:5      | Paralysed by Grinder for 4 turns
  4118 | D:5      | Paralysed by Grinder for 2 turns
  4213 | D:5      | Reached skill level 6 in Fire Magic
  4213 | D:5      | Reached XP level 8. HP: 32/52 MP: 6/15
  4330 | D:5      | Noticed Eustachio
  4340 | D:5      | Killed Eustachio
  4570 | D:5      | Reached skill level 5 in Stealth
  4609 | D:5      | Found a snail-covered altar of Cheibriados.
  4618 | D:5      | Became a worshipper of Cheibriados the Contemplative
  4677 | D:5      | Found a blossoming altar of Fedhas.
  4861 | D:5      | HP: 2/52 [Grinder (2)]
  4862 | D:5      | Killed Grinder
  5478 | D:5      | Reached skill level 7 in Fire Magic
  5478 | D:5      | Reached XP level 9. HP: 25/57 MP: 12/18
  5809 | D:6      | Acquired Cheibriados' first power
  6161 | D:6      | Noticed Prince Ribbit
  7020 | D:6      | Found a staircase to the Ecumenical Temple.
  7199 | D:6      | Noticed Pikel
  7257 | D:6      | Reached skill level 5 in Dodging
  7343 | D:6      | Killed Prince Ribbit
  7343 | D:6      | Reached skill level 5 in Conjurations
  7359 | D:6      | Reached skill level 8 in Fire Magic
  7398 | D:6      | Killed Pikel
  7398 | D:6      | Reached XP level 10. HP: 47/63 MP: 11/21
  7811 | D:7      | Reached skill level 5 in Spellcasting
  8084 | D:7      | Acquired Cheibriados' second power
  8084 | D:7      | Reached skill level 1 in Unarmed Combat
  8258 | D:7      | Found an ancient bone altar of Kikubaaqudgha.
  8398 | D:7      | Reached skill level 9 in Fire Magic
  8444 | D:7      | Found a glowing silver altar of Zin.
  9066 | D:8      | Noticed Grum
  9086 | D:8      | Mangled by Grum

Action                   |  1- 3 |  4- 6 |  7- 9 | 10-12 || total
-------------------------+-------+-------+-------+-------++-------
Melee: Unarmed           |    16 |       |       |       ||    16
       Dagger            |     1 |    77 |   232 |   173 ||   483
 Cast: Flame Tongue      |    46 |    91 |   148 |    53 ||   338
       Conjure Flame     |       |     1 |     6 |     3 ||    10
       Throw Flame       |       |     1 |     1 |       ||     2
       Sticky Flame      |       |       |    20 |    15 ||    35
  Use: Potion            |     2 |     1 |     4 |       ||     7
       Scroll            |       |     6 |     4 |     1 ||    11
 Stab: Sleeping          |       |       |     5 |     4 ||     9
       Distracted        |       |       |       |     1 ||     1
  Eat: Chunk             |     2 |     8 |    14 |     6 ||    30
       Fruit             |       |       |     1 |       ||     1
       Beef jerky        |       |       |       |     1 ||     1
